Map: Синее смещение РВ

Players

IllIIIIllIlI

  • Race: Terran Terran
  • League: Master
  • Spawn Location: 1:00

ELESTRAGO - Winner!

  • Race: Terran Terran
  • League: Master
  • Spawn Location: 7:00

VOD

Have the link to the VOD?

Description

Time

  • Played on: Jan. 12, 2019, 8:02 a.m.
  • Length: 13:34
Show
View Real Time Build Order
Export as new Build Order

IllIIIIllIlI Terran 

Build Orders:  

Get SALT Encoding   

  12  0:00  SCV  
  13  0:13  SCV  
  14  0:19  Supply Depot  
  14  0:43  Barracks  
  14  0:45  Refinery  
  14  0:58  SCV  
  14  0:59  Barracks  
  15  1:10  SCV  
  17  1:30  Reaper, Orbital Command  
  17  1:32  Refinery  
  18  1:47  Reaper  
  18  1:54  Supply Depot  
  18  1:55  SCV  
  19  2:02  Reaper  
  19  2:07  SCV  
  21  2:19  Reaper  
  22  2:34  Reaper, SCV  
  23  2:45  Factory  
  23  2:46  SCV  
  24  2:52  Supply Depot  
  24  2:53  Reaper  
  25  2:58  SCV  
  26  3:06  Reaper  
  26  3:11  SCV  
  28  3:22  Supply Depot  
  29  3:27  SCV  
  29  3:29  Factory Tech Lab  
  29  3:30  Starport  
  27  3:41  SCV  
  29  3:54  Command Center  
  28  4:08  SCV  
  29  4:11  Cyclone  
  29  4:16  Starport Tech Lab  
  32  4:21  SCV  
  33  4:30  Command Center  
  34  4:38  SCV  
  34  4:49  Raven  
  34  4:50  SCV  
  34  4:51  Siege Tank  
  40  5:02  SCV  
  41  5:11  Orbital Command  
  41  5:14  SCV  
  42  5:23  Siege Tank  
  42  5:27  SCV  
  40  5:39  SCV  
  40  5:41  SCV  
  41  5:48  Orbital Command  
  41  5:49  Raven  
  40  5:51  SCV  
  40  5:53  SCV  
  42  5:57  Engineering Bay  
  42  5:58  Refinery x2  
  42  6:03  SCV  
  43  6:05  SCV  
  43  6:11  Barracks Reactor  
  44  6:14  Siege Tank  
  44  6:15  SCV x2  
  44  6:16  Engineering Bay  
  49  6:20  Barracks  
  49  6:21  SCV  
  49  6:22  Barracks  
  50  6:26  Missile Turret  
  50  6:30  Missile Turret  
  50  6:33  SCV  
  50  6:35  SCV  
  50  6:36  SCV  
  53  6:46  SCV  
  54  6:47  Terran Infantry Weapons Level 1  
  54  6:48  SCV  
  54  6:51  Starport Reactor, Terran Infantry Armor Level 1  
  54  6:52  SCV  
  56  6:58  SCV  
  56  7:00  SCV  
  58  7:04  SCV  
  56  7:12  SCV  
  51  7:16  SCV  
  51  7:17  SCV  
  51  7:20  Siege Tank  
  53  7:23  Barracks Reactor  
  53  7:25  SCV  
  53  7:26  Orbital Command  
  53  7:27  Viking x2  
  53  7:28  SCV  
  60  7:35  Marine x3  
  63  7:37  SCV  
  63  7:40  Barracks  
  63  7:42  Barracks  
  63  7:44  Stimpack  
  63  7:50  SCV x2, Supply Depot  
  65  7:51  Supply Depot  
  65  7:52  Siege Tank, Marine  
  65  7:53  Marine, SCV  
  71  8:02  SCV, Supply Depot  
  71  8:03  SCV  
  71  8:04  Sensor Tower  
  71  8:05  SCV  
  74  8:09  Marine x2  
  70  8:12  Viking x2  
  76  8:14  Marine, SCV  
  76  8:15  SCV  
  76  8:18  SCV  
  84  8:22  Marine x2  
  84  8:26  Marine x2, SCV  
  89  8:28  SCV  
  89  8:29  Barracks Reactor x2  
  89  8:30  SCV, Supply Depot  
  89  8:31  Siege Tank  
  94  8:38  SCV  
  94  8:39  Marine  
  94  8:40  Marine, SCV  
  98  8:42  SCV  
  98  8:44  Refinery x2  
  98  8:46  Armory  
  99  8:49  Supply Depot  
  99  8:51  Medivac x2  
  99  8:53  Marine x2, Supply Depot  
  99  8:55  SCV x3  
  108  9:01  Marine  
  109  9:10  Siege Tank, Marine  
  109  9:11  Supply Depot  
  109  9:14  Marine  
  109  9:15  Marine x6, Supply Depot  
  120  9:18  Marine  
  121  9:27  Medivac x2  
  125  9:33  Marine x4, SCV x3  
  125  9:34  Supply Depot  
  125  9:36  Marine x4  
  134  9:42  Siege Tank  
  134  9:44  Terran Infantry Weapons Level 2  
  134  9:45  SCV x3  
  140  9:51  Supply Depot  
  140  9:52  Terran Infantry Armor Level 2  
  138  9:54  Supply Depot  
  138  9:56  Marine x3  
  138  9:57  Marine  
  138  9:58  Marine  
  143  10:11  Terran Vehicle Weapons Level 1  
  143  10:15  Missile Turret  
  143  10:16  Missile Turret x2  
  143  10:20  Marine x2  
  143  10:21  Marine x2  
  147  10:23  SCV  
  147  10:25  Marine  
  147  10:26  Marine x4  
  147  10:30  SCV x2  
  146  10:38  Marine x3  
  146  10:39  Marine  
  131  10:44  Marine  
  131  10:48  Marine x3  
  117  10:56  Marine x4, SCV x2  
  109  11:00  SCV  
  109  11:02  Marine  
  109  11:03  Barracks Reactor  
  109  11:06  Starport, Marine x3  
  109  11:08  SCV x2  
  114  11:12  Missile Turret, SCV  
  114  11:13  Missile Turret, Marine  
  116  11:20  Command Center  
  116  11:28  Siege Tank  
  116  11:30  Marine x7  
  116  11:32  Barracks Tech Lab  
  126  11:36  Marine, Factory  
  125  11:47  Marine  
  125  11:48  Marine  
  125  11:54  Marine  
  125  11:55  Command Center, Marine x4  
  125  11:58  Medivac x2  
  125  12:00  Siege Tank  
  136  12:01  Marine  
  135  12:11  Combat Shield  
  135  12:14  Marine x8  
  143  12:18  Supply Depot x2  
  143  12:22  Supply Depot  
  143  12:34  Factory Tech Lab, Siege Tank  
  143  12:35  Marine x6  
  152  12:40  Marine  
  152  12:41  Marine x2  
  154  12:53  Marine x6  
  154  12:57  Siege Tank  
  160  13:08  Marine  
Show
View Real Time Build Order
Export as new Build Order

ELESTRAGO Terran - Winner!

Build Orders: Banshee Rush 

Get SALT Encoding   

  12  0:01  SCV  
  13  0:13  SCV  
  14  0:18  Supply Depot  
  14  0:25  SCV  
  15  0:28  Refinery  
  15  0:39  SCV  
  16  0:44  Barracks  
  16  0:51  SCV  
  16  0:55  Refinery  
  17  1:03  SCV  
  18  1:15  SCV  
  19  1:31  Factory  
  19  1:32  Orbital Command  
  19  1:34  Reaper  
  20  1:47  Supply Depot  
  20  1:57  SCV  
  21  2:06  Reaper  
  22  2:11  SCV  
  23  2:17  Hellion  
  25  2:23  SCV  
  25  2:36  SCV  
  24  2:37  Starport  
  23  2:48  SCV  
  23  2:49  Reaper, Hellion  
  27  3:00  SCV  
  27  3:02  Supply Depot  
  28  3:18  Starport Tech Lab  
  30  3:20  Hellion  
  30  3:21  Marine  
  30  3:24  SCV  
  32  3:33  Command Center  
  30  3:36  SCV  
  31  3:41  Hellion  
  32  3:49  Banshee  
  32  3:50  Cloaking Field  
  34  4:05  SCV  
  34  4:11  Factory Tech Lab  
  34  4:12  Marine  
  35  4:17  SCV  
  35  4:20  Supply Depot  
  36  4:31  Banshee  
  39  4:42  Cyclone  
  42  4:47  Orbital Command  
  42  4:49  SCV  
  43  4:52  Barracks Reactor  
  43  5:01  SCV  
  43  5:05  Orbital Command  
  43  5:14  Raven, SCV  
  46  5:31  Marine x2  
  46  5:32  SCV  
  49  5:37  Command Center  
  49  5:48  Siege Tank, Marine x2  
  54  5:58  SCV  
  55  6:04  Supply Depot  
  55  6:05  SCV  
  55  6:10  SCV  
  57  6:15  Starport Reactor  
  57  6:17  SCV  
  57  6:18  Barracks  
  58  6:20  Barracks  
  58  6:25  SCV  
  59  6:29  SCV  
  60  6:40  SCV  
  60  6:41  Marine  
  60  6:43  Siege Tank  
  60  6:45  Refinery  
  66  6:47  Refinery  
  66  6:51  Stimpack  
  66  6:52  SCV  
  66  6:53  SCV  
  68  6:54  Orbital Command  
  65  7:11  SCV  
  50  7:16  SCV  
  48  7:24  Siege Tank, Marine  
  48  7:25  Orbital Command  
  48  7:26  SCV  
  48  7:28  Starport Reactor, SCV  
  54  7:32  Marine x3  
  54  7:33  Marine  
  58  7:37  Engineering Bay x2  
  58  7:39  SCV  
  58  7:40  Barracks, SCV  
  58  7:41  Barracks  
  58  7:42  Marine  
  61  7:49  Marine  
  61  7:50  Marine x2  
  61  7:51  SCV x2  
  65  7:52  SCV  
  65  7:55  Marine  
  68  8:03  SCV  
  68  8:04  SCV  
  68  8:05  SCV  
  72  8:07  Marine x2  
  72  8:09  Supply Depot x2  
  72  8:10  Medivac x2  
  77  8:14  Marine x3  
  77  8:15  SCV  
  77  8:16  SCV  
  82  8:25  Marine x2  
  82  8:26  Terran Infantry Weapons Level 1, Terran Infantry Armor Level 1  
  84  8:28  Barracks Reactor x2  
  84  8:29  SCV  
  84  8:32  Marine x2  
  84  8:33  SCV  
  84  8:34  SCV  
  89  8:36  Siege Tank  
  92  8:41  Supply Depot  
  92  8:42  SCV  
  92  8:43  Supply Depot  
  92  8:45  Marine, SCV, Combat Shield  
  92  8:46  SCV  
  96  8:53  Marine x3  
  96  8:54  SCV  
  96  8:55  Marine  
  100  8:58  SCV  
  77  9:02  Medivac  
  101  9:03  Medivac, Marine, SCV  
  101  9:06  SCV  
  101  9:07  Supply Depot  
  101  9:08  Supply Depot  
  108  9:11  Marine  
  108  9:13  Marine x6  
  115  9:18  Marine  
  115  9:19  SCV x2  
  115  9:21  Marine  
  115  9:22  Refinery  
  115  9:23  Refinery  
  117  9:29  Siege Tank, Marine  
  121  9:37  SCV x3  
  121  9:48  Supply Depot  
  121  9:50  Supply Depot  
  121  9:52  SCV x3  
  123  9:54  Marine x2  
  123  9:55  Marine x6  
  123  9:56  Marine  
  123  9:57  Medivac  
  132  10:04  Supply Depot  
  132  10:09  Armory, Medivac, Siege Tank  
  132  10:12  Marine  
  138  10:27  Supply Depot  
  138  10:28  Marine  
  138  10:29  Marine  
  138  10:30  Marine x3  
  138  10:32  Marine x3  
  138  10:33  Medivac  
  148  10:39  Medivac  
  148  10:41  Siege Tank  
  144  10:45  Marine  
  144  10:48  Marine  
  144  10:49  Marine  
  135  10:54  SCV  
  135  10:55  Marine  
  135  10:56  Marine x5  
  128  11:00  Terran Infantry Weapons Level 2  
  128  11:01  Terran Infantry Armor Level 2  
  128  11:03  Marine  
  129  11:06  Medivac, Marine x2  
  129  11:09  Medivac  
  135  11:13  Marine  
  135  11:14  Marine x5  
  141  11:21  Marine  
  141  11:24  Marine x2  
  144  11:26  Siege Tank  
  144  11:30  Supply Depot  
  144  11:31  Marine, SCV x3  
  144  11:32  Marine x5, Supply Depot  
  156  11:37  Command Center  
  156  11:38  Marine  
  157  11:42  Marine x2  
  157  11:43  SCV  
  160  11:49  Marine x2  
  151  12:02  Marine  
  151  12:03  Marine x4  
  151  12:04  Liberator x2  
  161  12:13  Siege Tank  
  164  12:19  Marine x4  
  164  12:20  Marine  
  164  12:21  Marine x4  
  173  12:31  Sensor Tower  
  173  12:36  Marine  
  174  12:37  Marine x2  
  174  12:38  Marine x2  
  174  12:42  Marine  
  174  12:43  Marine x3  
  182  12:44  Factory  
  182  12:45  Siege Tank  
  182  12:46  Viking  
  182  12:47  Viking  
  188  12:54  Marine  
  188  12:55  Marine x2  
  188  12:57  Sensor Tower  
  191  13:00  Marine  
  191  13:01  Marine x5  
  191  13:04  Refinery  
  196  13:06  Refinery  
  196  13:12  Marine x2  
Tags
 
Add a new tag
Caveats
  • Supply blocks, unpowered buildings, or Contaminate may cause inaccurate times.
  • Supply counts are checked every 10 seconds.